Cogmind - Beta 16 @@@ ROGUE MODE // 2025.12.29 @ 13:36:36 Player: skilledspacepolice Result: Destroyed by X-57 Shotgunner with High-powered Shotgun Performance ------------- Evolutions (2) 1000 Regions Visited (5) 1000 Robots Destroyed (50) 250 Value Destroyed (1538) 1538 Prototype IDs (3) 60 Alien Tech Used (0) 0 Bonus (0) 0 TOTAL SCORE: 3848 Bonus ------- None Cogmind --------- Core Integrity 0/550 Matter 145/300 Energy 160/160 System Corruption 0% Temperature Cool (2) Movement Treading (145) Location -8/Materials Parts ------- > --- POWER (2) -------- Light Nuclear Core > --- PROPULSION (2) --- Advanced Treads Advanced Treads > --- UTILITY (5) ------ Medium Storage Unit Improved Signal Interpreter Advanced Targeting Computer System Shield Makeshift System Shield > --- WEAPON (2) ------- Shotgun > --- INVENTORY (10) --- Experimental Sensor Array Recoil Stabilizer Rocket Launcher Peak State ------------ > --- POWER ------------ Light Nuclear Core Light Nuclear Core > --- PROPULSION ------- Carbon-fiber Leg Carbon-fiber Leg > --- UTILITY ---------- Improved Heat Sink Medium Storage Unit Improved Signal Interpreter System Shield Makeshift System Shield > --- WEAPON ----------- Minigun High-powered Shotgun > --- INVENTORY -------- Advanced Treads Advanced Treads Experimental Sensor Array Advanced Targeting Computer Recoil Stabilizer EM Shotgun Assault Cannon Assault Cannon Rocket Launcher [Rating: 35] Favorites ----------- Power Light Nuclear Core Engine Light Ion Engine Power Core Light Nuclear Core Propulsion Aluminum Leg Treads Advanced Treads Leg Aluminum Leg Utility Small Storage Unit Device Improved Heat Sink Storage Small Storage Unit Processor Improved Signal Interpreter Hackware Makeshift System Shield Weapon Light Assault Rifle Energy Gun EM Shotgun Energy Cannon Ion Cannon Ballistic Gun Light Assault Rifle Ballistic Cannon Assault Cannon Build | -11 -10 -10 -10 -9 -8 ------- Run | Yrd Mat Min Exi Min Mat Slots Evolved 4 | . . . . . 4 Power 1 | . . . . . 1 Propulsion . | . . . . . . Utility 3 | . . . . . 3 Weapon . | . . . . . . Parts Attached 44 | 6 2 9 1 5 21 Power 8 | 1 1 1 . 1 4 Engine 2 | 1 . . . . 1 Core 6 | . 1 1 . 1 3 Reactor . | . . . . . . Propulsion 11 | 2 1 2 1 . 5 Treads 2 | . . . . . 2 Leg 9 | 2 1 2 1 . 3 Wheel . | . . . . . . Hover . | . . . . . . Flight . | . . . . . . Utility 9 | 1 . 1 . . 7 Device 3 | . . 1 . . 2 Storage 2 | 1 . . . . 1 Processor 2 | . . . . . 2 Hackware 2 | . . . . . 2 Protection . | . . . . . . Artifact . | . . . . . . Weapon 16 | 2 . 5 . 4 5 Energy Gun 1 | . . . . . 1 Energy Cannon 4 | . . 2 . 2 . Ballistic Gun 9 | 2 . 3 . 2 2 Ballistic Cannon 2 | . . . . . 2 Launcher . | . . . . . . Special Weapon . | . . . . . . Impact Weapon . | . . . . . . Slashing Weapon . | . . . . . . Piercing Weapon . | . . . . . . Special Melee Weapon . | . . . . . . Unidentified Prototypes . | . . . . . . Parts Lost 17 | . 3 1 . 1 12 Power 5 | . 1 . . 1 3 Propulsion 4 | . 2 . . . 2 Utility 2 | . . . . . 2 Weapon 6 | . . 1 . . 5 Highest Loss Streak 6 | . 2 2 . 1 6 To Critical Strikes . | . . . . . . Average Backups 5 | 1 4 4 5 6 7 Power . | . 1 1 1 . . Propulsion 1 | . . . 1 2 2 Utility . | . . . . 1 1 Weapon 3 | . 3 2 3 2 3 Tool/Special . | . . . . . . Unused Backups 5 | . . . 1 1 3 Power 1 | . . . 1 . . Propulsion . | . . . . . . Utility 2 | . . . . . 2 Weapon 2 | . . . . 1 1 Tool/Special . | . . . . . . Average Slot Usage (%) 94 | . 80 91 100 99 93 Core 13 | . 5 14 14 13 15 Leg 24 | . 25 27 28 28 15 Device 9 | . . 6 14 14 10 Storage 12 | . 14 14 14 14 9 Processor 1 | . . . . . 6 Hackware 4 | . . . . . 17 Energy Cannon 14 | . . 14 28 11 10 Ballistic Gun 9 | . 28 13 . 16 3 Peak Build Rating 35 | 6 8 15 18 19 35 Average Rating 18 | 3 6 11 17 17 30 On Entrance 10 | . 6 7 15 18 17 Avg Prop Armor Cover (%) . | . . . . . . Naked Turns . | . . . . . . Heaviest Build 31 | 10 12 23 23 23 31 Greatest Support 44 | 20 20 20 25 25 44 Greatest Overweight (x) 8 | . 1 1 1 . 8 Average Overweight (x) . | . . . . . . Largest Inventory Capacity 10 | 8 8 8 8 8 10 Average Capacity 8 | 6 8 8 8 8 8 Most Carried 9 | 5 7 8 7 8 9 Average Carried 5 | 2 5 4 5 6 7 Final Capacity 10 | 8 8 8 8 8 10 Final Carried 7 | 1 6 4 7 6 3 Class Distribution -------------------- 52% | Scavenger-Mutant 24% | Hacker-Mutant 22% | Mutant Dominant Class ---------------- Mutant | -10/Materials Scavenger-Mutant | -10/Mines Scavenger-Mutant | -10/Exiles Scavenger-Mutant | -9/Mines Hacker-Mutant | -8/Materials Resources | -11 -10 -10 -10 -9 -8 ----------- Run | Yrd Mat Min Exi Min Mat Matter Collected 856 | 196 150 137 13 50 310 Remotely . | . . . . . . Salvage Created 1933 | . 211 292 145 294 991 Parts 111 | . 14 21 7 11 58 Haulers Intercepted 1 | . . . . . 1 Recyclers Shooed . | . . . . . . Parts Field Recycled . | . . . . . . Retrieved Matter . | . . . . . . Parts Self-Destructed . | . . . . . . Prevented . | . . . . . . Parts Restored . | . . . . . . Kills | -11 -10 -10 -10 -9 -8 ------- Run | Yrd Mat Min Exi Min Mat Combat Hostiles Destroyed 42 | . 4 10 2 6 20 Guns 17 | . 4 8 . . 5 Cannons 22 | . . 2 2 6 12 Classes Destroyed 11 | . 2 2 1 2 4 Worker 1 | . . 1 . . . Builder 1 | . . . . . 1 Hauler 1 | . . . . . 1 Recycler 1 | . . . . 1 . Watcher 4 | . 2 . . . 2 Swarmer 11 | . . 6 . 3 2 Cutter 3 | . . . . . 3 Grunt 19 | . 4 4 1 2 8 Brawler 1 | . . . . 1 . Sentry 6 | . . . . . 6 Hunter 2 | . . . 1 . 1 Best Kill Streak 6 | . 2 3 1 4 6 Combat Bots Only 6 | . 2 3 1 3 6 Max Kills in Single Turn 2 | . 1 2 1 1 2 Gunslinging 1 | . . 1 . . . Exploded . | . . . . . . Melee . | . . . . . . Uniques/NPCs Destroyed . | . . . . . . Combat | -11 -10 -10 -10 -9 -8 -------- Run | Yrd Mat Min Exi Min Mat Hostile Shots Fired 269 | . 43 57 . 40 129 Missed 80 | . 12 19 . 8 41 Hits 189 | . 31 38 . 32 88 Melee 4 | . . . . . 4 Projectile 185 | . 31 38 . 32 84 AOE 3 | . . . . . 3 Critical Strikes 11 | . 2 . . 2 7 Damage Taken 3070 | . 423 443 . 284 1920 Core 758 | . 85 73 . 40 560 Absorbed by Shields . | . . . . . . Core Remaining (%) 60 | 100 . . . 20 . Volleys Fired 157 | . 28 31 12 15 71 Largest 2 | . 2 2 1 2 2 Hottest 123 | . 40 123 63 123 112 Shots Fired 285 | . 56 61 12 30 126 Gun 144 | . 56 55 . . 33 Cannon 141 | . . 6 12 30 93 Launcher . | . . . . . . Special . | . . . . . . Kinetic 170 | . 56 55 . . 59 Thermal 28 | . . 3 10 15 . Explosive . | . . . . . . Electromagnetic 87 | . . 3 2 15 67 Robot Hit Streak 17 | . 11 7 8 5 17 Robot Miss Streak 6 | . 3 3 1 3 6 Penetration Max . | . . . . . . Secondary Targets 2 | . . 2 . . . Max Gunslinging Chain 1 | . . 1 . . . Shots Hit Robots 190 | . 38 36 8 15 93 Core Hits 82 | . 16 18 3 5 40 Critical Kills . | . . . . . . Critical Parts Destroyed 1 | . . 1 . . . Critical Strikes 4 | . . 1 . . 3 Destroy 1 | . . 1 . . . Blast 1 | . . . . . 1 Corrupt 2 | . . . . . 2 Melee Attacks . | . . . . . . Impact . | . . . . . . Slashing . | . . . . . . Piercing . | . . . . . . Sneak Attacks . | . . . . . . Combat Hostiles . | . . . . . . Follow-up Attacks . | . . . . . . Damage Inflicted 3552 | . 307 514 208 377 2146 Guns 1071 | . 307 276 . . 488 Cannons 2368 | . . 125 208 377 1658 Explosions 113 | . . 113 . . . Melee . | . . . . . . Ramming . | . . . . . . Kinetic 1515 | . 307 276 . . 932 Thermal 528 | . . 160 181 187 . Explosive . | . . . . . . Electromagnetic 1509 | . . 78 27 190 1214 Impact . | . . . . . . Slashing . | . . . . . . Piercing . | . . . . . . Highest Corruption . | . . . . . . Average Corruption . | . . . . . . Corruption Purged . | . . . . . . Corruption Blocked . | . . . . . . Overload Shots . | . . . . . . Overflow Damage 72 | . . 33 . 34 5 Projectiles 39 | . . . . 34 5 Explosions 33 | . . 33 . . . Melee . | . . . . . . Knockbacks 4 | . . . . . 4 Impact . | . . . . . . Kinetic 4 | . . . . . 4 Secondary . | . . . . . . Self-Inflicted Damage . | . . . . . . Shots . | . . . . . . Rammed . | . . . . . . Targets Rammed . | . . . . . . Kicked . | . . . . . . Crushed . | . . . . . . Highest Temperature 225 | . 58 105 . 108 225 Average Temperature 37 | . 15 17 . 42 56 Received Heat Transfer 708 | . 267 117 . 54 270 Siege Activations . | . . . . . . Martial Activations . | . . . . . . Shielding Activations . | . . . . . . Robots Disrupted . | . . . . . . Combat Hostiles . | . . . . . . Robots Corrupted 3 | . . . . . 3 Combat Hostiles 3 | . . . . . 3 Parts Fried 10 | . . . . 1 9 Impact Corruptions . | . . . . . . Robots Melted . | . . . . . . Combat Hostiles . | . . . . . . Parts Melted . | . . . . . . Heat Transferred 766 | . . 174 296 296 . Parts Sabotaged . | . . . . . . Parts Stolen . | . . . . . . Parts Stripped . | . . . . . . Power Chain Reactions . | . . . . . . Alert | -11 -10 -10 -10 -9 -8 ------- Run | Yrd Mat Min Exi Min Mat Maximum Alert Level 1 | . . . . . 1 Low Security (%) 98 | 100 100 100 . 100 95 Level 1 1 | . . . . . 4 Level 2 . | . . . . . . Level 3 . | . . . . . . Level 4 . | . . . . . . Level 5 . | . . . . . . High Security . | . . . . . . Max Security . | . . . . . . Peak Influence 215 | . 75 105 . 86 215 Initial . | . . . . . . Average 46 | . 28 29 . 21 86 Influence Increases 1345 | . 129 304 45 176 691 Destroy 0b10 Robot/C 840 | . 80 200 40 120 400 Destroy 0b10 Robot/NC 45 | . 10 5 5 5 20 Destroy Leader 200 | . 24 40 . 20 116 Successful Hack 12 | . . . . . 12 Disable Machine 90 | . . 30 . 15 45 Destroy Structure 23 | . . 14 . 1 8 Lose Combat Pursuer 135 | . 15 15 . 15 90 Influence Decreases 1172 | . 129 304 45 176 518 Time Decay 998 | . 100 294 45 166 393 Lost Part 169 | . 29 10 . 10 120 Lost Ally 5 | . . . . . 5 Squads Dispatched 5 | . . . . . 5 Investigation 1 | . . . . . 1 Extermination . | . . . . . . Reinforcement 3 | . . . . . 3 Assault . | . . . . . . Garrison 1 | . . . . . 1 Intercept . | . . . . . . Searches Triggered . | . . . . . . Construction Impeded . | . . . . . . Haulers Reinforced . | . . . . . . Active Scanning Responses . | . . . . . . Cargo Convoy Interrupts . | . . . . . . Stealth | -11 -10 -10 -10 -9 -8 --------- Run | Yrd Mat Min Exi Min Mat Distress Signals 6 | . 3 . . . 3 Communications Jammed . | . . . . . . Distress Signals . | . . . . . . Times Spotted 63 | . 10 11 . 7 35 Peak Tracking Total 6 | . 6 3 . 3 6 Tactical Retreats 9 | . 1 1 . 1 6 Traps | -11 -10 -10 -10 -9 -8 ------- Run | Yrd Mat Min Exi Min Mat Traps Triggered 3 | . 1 2 . . . Indirectly . | . . . . . . Trap Hack Attempts . | . . . . . . Triggered . | . . . . . . Disarmed . | . . . . . . Reprogrammed . | . . . . . . Reused . | . . . . . . Traps Extracted . | . . . . . . Installed . | . . . . . . Triggered . | . . . . . . Machines | -11 -10 -10 -10 -9 -8 ---------- Run | Yrd Mat Min Exi Min Mat Machines Disabled 7 | . . 2 1 1 3 Max in Single Turn 2 | . . 2 1 1 1 Machines Repaired . | . . . . . . Machines Dismantled . | . . . . . . Machines Sabotaged . | . . . . . . Overloaded Fab Kills . | . . . . . . Hacking | -11 -10 -10 -10 -9 -8 --------- Run | Yrd Mat Min Exi Min Mat Machines Accessed 9 | . . 1 1 . 7 Terminals 5 | . . . . . 5 Fabricators . | . . . . . . Repair Stations . | . . . . . . Recycling Units . | . . . . . . Scanalyzers 2 | . . . . . 2 Garrison Access . | . . . . . . Total Hacks 49 | . . 1 6 . 42 Successful 37 | . . 1 6 . 30 Failed 11 | . . . . . 11 Catastrophic 1 | . . . . . 1 Database Lockouts 1 | . . . . . 1 Manual 2 | . . . 2 . . Terminals 18 | . . . . . 18 Fabricators . | . . . . . . Repair Stations . | . . . . . . Recycling Units . | . . . . . . Scanalyzers 24 | . . . . . 24 Garrison Access . | . . . . . . Terminal Hacks 16 | . . 1 6 . 9 Record 6 | . . . 6 . . Robot Analysis 1 | . . . . . 1 Prototype ID Bank 1 | . . . . . 1 Open Door 1 | . . 1 . . . Alert Level 3 | . . . . . 3 Locate Traps 1 | . . . . . 1 Dispatch Records 1 | . . . . . 1 Surveillance Status 1 | . . . . . 1 Zone Layout 1 | . . . . . 1 Fabricator Hacks . | . . . . . . Repair Station Hacks . | . . . . . . Recycling Unit Hacks . | . . . . . . Scanalyzer 21 | . . . . . 21 Insert Component 8 | . . . . . 8 Analyze 10 | . . . . . 10 Retrieve Study 3 | . . . . . 3 Garrison Access Hacks . | . . . . . . Unauthorized Hacks . | . . . . . . Terminals . | . . . . . . Fabricators . | . . . . . . Repair Stations . | . . . . . . Recycling Units . | . . . . . . Scanalyzers . | . . . . . . Garrison Access . | . . . . . . Data Cores Recovered . | . . . . . . Used . | . . . . . . Hacking Detections 5 | . . . . . 5 Full Trace Events 1 | . . . . . 1 Feedback Events . | . . . . . . Feedback Blocked . | . . . . . . Robot Schematics Acquired . | . . . . . . Robots Built . | . . . . . . Authchips . | . . . . . . Time . | . . . . . . Total Robot Build Rating . | . . . . . . Part Schematics Acquired 8 | . . . . . 8 Parts Built . | . . . . . . Authchips . | . . . . . . Time . | . . . . . . Total Part Build Rating . | . . . . . . Part Studies Acquired 3 | . . . . . 3 Parts Repaired . | . . . . . . Time . | . . . . . . Parts Recycled . | . . . . . . Recycled Matter . | . . . . . . Retrieved Matter . | . . . . . . Retrieved Components . | . . . . . . Parts Scanalyzed 8 | . . . . . 8 Part Schematics Acquired 8 | . . . . . 8 Parts Damaged 1 | . . . . . 1 Bothacking | -11 -10 -10 -10 -9 -8 ------------ Run | Yrd Mat Min Exi Min Mat Used RIF Installer . | . . . . . . Robots Hacked . | . . . . . . Non-combat . | . . . . . . Combat . | . . . . . . Robot Hacks Applied . | . . . . . . Relay Couplers Released . | . . . . . . Fabnet Peak Effective % . | . . . . . . Robots Rewired . | . . . . . . Allies Hacked . | . . . . . . Hacks Repelled . | . . . . . . Allies | -11 -10 -10 -10 -9 -8 -------- Run | Yrd Mat Min Exi Min Mat Total Allies 1 | . . . . 1 . Largest Group 1 | . . . . 1 1 Highest-Rated Group 31 | . . . . 31 31 Highest-Rated Ally 31 | . . . . 31 31 Total Orders . | . . . . . . Ally Attacks 2 | . . . . . 2 Total Damage 22 | . . . . . 22 Kills . | . . . . . . Allies Corrupted . | . . . . . . Allies Melted . | . . . . . . Intel | -11 -10 -10 -10 -9 -8 ------- Run | Yrd Mat Min Exi Min Mat Active Infowar (turns) . | . . . . . . Robot Analysis Total 1 | . . . . . 1 Derelict Logs Recovered 4 | . . 3 . 1 . Drone Launches . | . . . . . . Drone Recoveries . | . . . . . . Exploration | -11 -10 -10 -10 -9 -8 ------------- Run | Yrd Mat Min Exi Min Mat Turns Passed 3946 | 51 322 1060 876 596 1041 Spaces Moved 2522 | 45 190 613 662 432 580 Core 36 | 21 . . . . 15 Treads 31 | . . . . . 31 Legs 2455 | 24 190 613 662 432 534 Wheels . | . . . . . . Hover . | . . . . . . Flight . | . . . . . . Fastest Speed 50 | 50 120 120 120 120 120 Average Speed 131 | 87 125 151 127 120 129 Slowest Speed 450 | 120 190 190 190 120 450 Overloaded Moves . | . . . . . . Propulsion Burnouts . | . . . . . . Robots Hopped . | . . . . . . Potential Cave-ins . | . . . . . . Cave-ins Triggered . | . . . . . . Exploration Rate (%) 57 | 4 25 98 91 83 41 Regions Visited 5 Branch Regions 3 Pre-discovered Areas 3 | . . 1 1 1 . Known Exits Taken 1 | . . . 1 . . Unknown Exits Taken 4 | 1 1 1 . 1 . Scrap Searched 3 | . . 1 . 2 . Spaces Dug . | . . . . . . Terrain Destroyed 24 | . . 16 . 1 7 Melee . | . . . . . . Projectile 8 | . . . . 1 7 AOE 16 | . . 16 . . . Terrain Rammed . | . . . . . . Walls Destroyed . | . . . . . . Machines Disabled . | . . . . . . Actions | -11 -10 -10 -10 -9 -8 --------- Run | Yrd Mat Min Exi Min Mat Total 2894 | 55 230 697 681 482 749 Wait 98 | . . 32 . 21 45 Move 2517 | 44 189 612 661 431 580 Hop . | . . . . . . Pick Up 49 | 5 9 7 5 5 18 Fast Attach 4 | 2 . . . . 2 Attach 43 | 4 4 8 1 5 21 Detach 2 | . . . . . 2 Swap 3 | . . 1 . . 2 Drop 21 | . . 6 2 5 8 Fire 157 | . 28 31 12 15 71 Melee . | . . . . . . Ram . | . . . . . . Kick . | . . . . . . Crush . | . . . . . . Escape Stasis . | . . . . . . Rewire . | . . . . . . Trap . | . . . . . . Miscellaneous . | . . . . . . Route ------- -11/Scrapyard -10/Materials -10/Mines (discovered 4 exits: [*Mat x2] / *Exi / [*Sub]) -10/Exiles (discovered 2 exits: *Min x2) -9/Mines (discovered 2 exits: *Mat x2) -8/Materials (discovered 1 exit: *Fac) History --------- Turn | Location | Event 4 | -11/Scrapyard | Discovered new exit (range 15) 52 | -11/Scrapyard | Entered Materials 293 | -10/Materials | Discovered new exit (range 11) 316 | -10/Materials | Build established: Mutant 374 | -10/Materials | Entered Mines 457 | -10/Mines | Deemed a non-threat by the Exiles lab entrance 457 | -10/Mines | Discovered new exit (range 5) 583 | -10/Mines | Core integrity fell below 50% 660 | -10/Mines | Discovered new exit (range 10) 662 | -10/Mines | Discovered new exit (range 3) 766 | -10/Mines | Learned Materials trap positions 771 | -10/Mines | Discovered new exit (range 5) 873 | -10/Mines | Met a Derelict who couldn't figure out how to use a Trap Extractor 1172 | -10/Mines | Learned location of Storage (-7) 1189 | -10/Mines | Build established: Scavenger-Mutant 1434 | -10/Mines | Entered Exiles 1434 | -10/Exiles | Found Exiles lab destroyed 1435 | -10/Exiles | Identified exit to Mines 1743 | -10/Exiles | Learned location of Zion (-7) 2310 | -10/Exiles | Entered Mines 2428 | -9/Mines | Found a damaged Exp. Sensor Array with a note attached 2430 | -9/Mines | Found Prototype Device 2525 | -9/Mines | Discovered new exit (range 10) 2554 | -9/Mines | Received a Rocket Launcher from a helpful Derelict 2818 | -9/Mines | A weapon hastily lodged in a ceiling crevice suddenly fell to the ground 2892 | -9/Mines | Discovered new exit (range 6) 2900 | -9/Mines | Received a Mining Laser from a helpful Derelict 2906 | -9/Mines | Entered Materials 2906 | -8/Materials | Accompanied by 1 ally 2906 | -8/Materials | Evolved 4 slots: Power x1, Utility x3 2907 | -8/Materials | Loaded intel: 23 trap records 3304 | -8/Materials | Identified Exp. Sensor Array 3304 | -8/Materials | Central database locked down 3435 | -8/Materials | Build established: Hacker-Mutant 3499 | -8/Materials | Discovered new exit (range 6) 3505 | -8/Materials | Identified exit to Factory 3834 | -8/Materials | Core integrity fell below 50% 3856 | -8/Materials | Core integrity fell below 20% 3864 | -8/Materials | Lost 6 parts (2p1n1u2w) 3937 | -8/Materials | Garrison activated, responded to threat 3947 | -8/Materials | Destroyed by X-57 Shotgunner with High-powered Shotgun Last Messages --------------- Acquired 6 matter. Acquired Shotgun. S-10 Pest destroyed. Acquired 41 matter. Acquired Lgt. Ion Engine. Acquired 15 matter. Acquired 17 matter. Acquired 3 matter. Acquired 4 matter. Acquired Lgt. Nuclear Core+. Acquired 3 matter. ALERT: Suspicious intruders detected, dispatching Specialist reinforcements to area. W-25 Informer sends out distress signal. X-57 Shotgunner calls for garrison reinforcements. ALERT: Activating Garrison Access M001. [Achievement: Troublemaker] Lgt. Ion Engine destroyed. EM Shotgun destroyed. Map ----- +----------------------------------------------------+ | ?????????????????????????????????????????????????? | | ?????????????????????????????????????????????????? | | ?????????????????????????????????????????????????? | | ?????????????????????????????????????????????????? | | ?????????????????????????????????????????????????? | | ?????????????????????????????????????????????????? | | ?????????????????????????????????????????????????? | | ?????????????????????????????????????????????????? | | ?????????????????????????????????????????????????? | | ?????????????????????????????????????????????????? | | ?????????????????????? ??????????????????????????? | | ????????????????????# ????? ???????????????????? | | ????????????????????# ???? #??????????????????? | | ???????????????????^# "??? #??????????????????? | | ????????????????????+ ""?? #??????????????????? | | ????????????????????# g""? #??????????????????? | | ?????????????????#### #??????????????????? | | ?????????????????? #??????????????????? | | ????????????????#?# """ #??????????????????? | | ????????????##### # """ #??????????????????? | | ???????????? ***# """ #????#?????????????? | | ????????????""%"% #* #?? ##????????????? | | ????????????"""% #= # ####?????????? | | ????????????"""" # x ????????? | | ????????????"""" ; % x % ????????? | | ???????????""""" # % % @ H a u????????? | | ???????????""""" # % ####### #????????????? | | ?????????# """"" ##% #######?# #?????????????? | | ?????????# !## % #% ### #?????????????? | | ?????????########### =# # #?????????????? | | ??????????????????##% + ! # +?????????????? | | ???????????????????# # # #?????????????? | | ???????????????????# ######### #?????????????? | | ???????????????????# ##?????## ##????????????? | | ???????????????????#% ######## ##???????????? | | ????????############ % ##???????????? | | ????????# """T""" # % #????????????? | | ?????????# # #????????????? | | ?????????# """"""" # %######## % #????????????? | | ?????????# """"""" + % ##########+#####??????????? | | ???###???# """"""" # #????# #??????????? | | #### ##??# """"""" ### #????# " " #??????????? | | #??# """"""" ### #????# """"" #??????????? | | "" #??# #?# #????# """"" #??????????? | | "" [ #??###+#######?# #????# """" [=#??????????? | | % #????# #???????# #????# """ #??????????? | | #????# #???????# #????# #??????????? | | "" #????# #???????# #????# #??????????? | | """ #????# #???????# ########+#####+#??????????? | | S"[###### #???????# #?### ##########?? | +----------------------------------------------------+ Best States ------------- Heat Dissipation 59 Energy Generation 25 Energy Capacity 220 Matter Stores 300 Matter Capacity 300 Sight Range 16 Terrain Scan Density 10 Evasion (%) 55 Targeting Accuracy 8 Recoil Reduction 2 Particle Charging 15 Defensive Hacking 21 Item Schematics ----------------- Exp. Sensor Array | -8/Materials | Scanalyzed Assault Cannon | -8/Materials | Scanalyzed Minigun | -8/Materials | Scanalyzed Adv. Treads | -8/Materials | Scanalyzed Lgt. EM Pulse Cannon | -8/Materials | Scanalyzed EM Shotgun | -8/Materials | Scanalyzed Lgt. Nuclear Core | -8/Materials | Scanalyzed Rocket Launcher | -8/Materials | Scanalyzed Robot Schematics ------------------ None Fabricated ------------ Nothing Repaired ---------- Nothing Studied --------- Lgt. Nuclear Core | -8/Materials | Hacked Assault Cannon | -8/Materials | Hacked Lgt. EM Pulse Cannon | -8/Materials | Hacked Alien Tech Used ----------------- None Achievements -------------- Troublemaker Challenges ------------ None Game ------ Seed CorruptionZioniteMachine Manual? 0 Play Time 00:47:51 Cumulative 11.9 hours Start 2025.12.29 @ 09:25:48 End 2025.12.29 @ 13:36:36 Sessions 3 Manual Loads 0 Difficulty Rogue Special Mode None Game No. 15 Rogue 15 Adventurer 0 Explorer 0 Win Type - Total 0 Types 0/0/0/0/0/0/0/0/0/0 Lore% 22 Gallery% 14 Achievement% 11 Wizard Run 0 Options --------- Layout 1 ASCII 0 Keyboard 0 Movement Mouse Keybinds 0 Fullscreen 1 Font 24/Smallcaps Map View 50x35 Zoom Use 0% Tactical HUD 0 Map Filters NONE Filters NONE Steam 1 RUN: 7374767b-dd4e-4bab-8ddd-fbab8f632621